Nordiques vs Capitals

Created - 28 novembre 2017 at 05:57

Goals
1 2 3 OT1 T
Nordiques 1 0 0 0 1
Capitals 1 0 0 1 2
Shots
1 2 3 OT1 T
Nordiques 13 4 10 0 27
Capitals 11 9 16 1 37

1st period

1. Nordiques , Patrik Berglund 7 (Sebastian Aho 10) at 11:03
2. Capitals , Brock Nelson 5 (Valtteri Filppula 9) at 13:01

Penalties :
Ondrej Palat (WAS) for Slashing (Minor) at 7:44

2nd period

No Goal

Penalties :
Brendan Smith (WAS) for Hooking (Minor) at 4:37, Ben Chiarot (WAS) for Roughing (Double Minor) at 7:28

3rd period

No Goal

Penalties :
Ondrej Palat (WAS) for Tripping (Minor) at 12:19

Overtime #1

3. Capitals , Claude Giroux 6 (Ondrej Palat 7) at 0:12

Penalties :
No Penalty

Goalie Stats

Roberto Luongo (QUE), 35 saves from 37 shots - (0,946), OTL, 14-5-2, 60:12 minutes
Antti Raanta (WAS), 26 saves from 27 shots - (0,963), W, 5-4-0, 60:12 minutes

Players Stats for Nordiques

Player Name              G  A  P  +/- PIM S  H  SB GA TA FO     MP     PP MP  PK MP  
------------------------------------------------------------------------------------
Alexander Wennberg       0  0  0   0  0   5  2  1  1  0  0/1    18:58   4:21   0:00 
Connor Brown             0  0  0   0  0   2  0  0  0  0  0/0    15:58   1:16   0:00 
Derek MacKenzie          0  0  0   0  0   0  1  0  0  0  1/1    10:05   1:13   0:00 
Evander Kane             0  0  0   0  0   0  0  0  2  0  0/1    18:03   4:08   0:00 
Jamie Benn               0  0  0  -1  0   1  2  2  0  0  2/2    17:27   4:21   0:00 
Jared Spurgeon           0  0  0   0  0   0  1  1  2  0  0/0    24:21   5:27   0:00 
Jaromir Jagr             0  0  0   0  0   1  0  1  1  0  0/2    13:22   0:27   0:00 
John-Michael Liles       0  0  0   0  0   0  1  2  0  1  0/0    18:37   3:53   0:00 
Kevin Klein              0  0  0  -1  0   0  0  0  0  0  0/0    16:51   0:40   0:00 
Kyle Turris              0  0  0   0  0   7  2  0  1  1  8/15   17:47   4:12   0:00 
Luke Glendening          0  0  0   0  0   1  0  0  0  0  1/3     8:34   0:00   0:00 
Morgan Rielly            0  0  0  -1  0   3  0  3  1  1  0/0    21:20   3:53   0:00 
Patrik Berglund          1  0  1   0  0   5  5  1  0  0  8/19   15:58   1:27   0:00 
Paul Carey               0  0  0   0  0   0  0  0  0  0  0/0     8:38   0:00   0:00 
Ryan O'Reilly            0  0  0  -1  0   1  0  1  1  0  7/13   17:23   4:21   0:00 
Sebastian Aho            0  1  1   0  0   0  2  0  2  0  1/1    18:12   4:02   0:00 
Shayne Gostisbehere      0  0  0   1  0   1  1  0  0  1  0/0    24:07   5:25   0:00 
Tom Gilbert              0  0  0   0  0   0  1  2  0  1  0/0    14:45   0:34   0:00 

Players Stats for Capitals

Player Name              G  A  P  +/- PIM S  H  SB GA TA FO     MP     PP MP  PK MP  
------------------------------------------------------------------------------------
Anton Stralman           0  0  0   1  0   0  4  3  0  1  0/0    24:07   0:00   2:42 
Ben Chiarot              0  0  0   0  4   0  1  0  0  0  0/0    15:55   0:00   2:19 
Brady Skjei              0  0  0  -1  0   1  0  2  0  2  0/0    20:09   0:00   5:18 
Brendan Smith            0  0  0  -1  2   4  1  1  0  2  0/0    18:25   0:00   4:06 
Brock Nelson             1  0  1   0  0   6  2  0  0  1  0/0    13:23   0:00   0:00 
Claude Giroux            1  0  1   1  0   6  1  0  3  2  9/19   18:23   0:00   0:14 
Darren Helm              0  0  0   0  0   3  2  1  0  0  5/8    16:26   0:00   4:57 
Drew Miller              0  0  0   0  0   0  3  0  0  0  0/1     9:57   0:00   1:53 
Jake Guentzel            0  0  0   0  0   2  1  0  1  0  0/1    13:19   0:00   1:58 
Joakim Nordstrom         0  0  0   0  0   0  2  2  0  0  0/0    14:05   0:00   3:00 
Josh Bailey              0  0  0   0  0   2  1  0  0  0  2/2    17:57   0:00   0:00 
Nick Shore               0  0  0   0  0   1  2  0  0  0  2/5    12:20   0:00   4:50 
Oliver Ekman-Larsson     0  0  0   1  0   2  4  0  0  0  0/0    22:27   0:00   0:49 
Ondrej Palat             0  1  1   1  4   3  1  0  1  0  1/3    18:17   0:00   0:00 
Riley Sheahan            0  0  0   0  0   2  1  0  0  0  1/3    10:05   0:00   3:00 
Tobias Rieder            0  0  0   0  0   2  1  0  0  1  0/0    13:23   0:00   0:00 
Valtteri Filppula        0  1  1   0  0   2  2  0  0  0  10/16  13:23   0:00   0:00 
Zach Bogosian            0  0  0   1  0   1  1  1  0  2  0/0    18:35   0:00   4:38 

3 Stars

1 - Antti Raanta (WAS)
2 - Roberto Luongo (QUE)
3 - Patrik Berglund (QUE)

Power Play

Nordiques - 0 on 5 Attempt(s) - 0,00%
Capitals - 0 on 0 Attempt(s) - 0,00%

Penalty Kill

Nordiques - 0 on 0 Attempt(s) - 0,00% - Score 0 goal in Penalty Kill
Capitals - 5 on 5 Attempt(s) - 100,00% - Score 0 goal in Penalty Kill

Team Stat

Nordiques - Hits : 18 - Faceoff Wins : 28 - Blocked Shots : 14 - Penalty Minutes : 0
Capitals - Hits : 30 - Faceoff Wins : 30 - Blocked Shots : 10 - Penalty Minutes : 10

Official

Referees : Gord Dwyer and Wes McCauley
Linesman : Greg Devorski and Brad Lazarowich

Game Notes

No Game Note

Finance

Level 1 -- Attendance: 4790 (79,83%) -- Ticket Income 479 000 $
Level 2 -- Attendance: 3436 (68,72%) -- Ticket Income 240 520 $
Level 3 -- Attendance: 1516 (75,80%) -- Ticket Income 63 672 $
Level 4 -- Attendance: 3183 (79,58%) -- Ticket Income 79 575 $
Luxury Box -- Attendance: 826 (82,60%) -- Ticket Income 161 070 $
Game was played at the Washington Arena.
Total Attendance: 13751 (76,39%)
Total Ticket Income: 1 023 837 $
Other Income: 501 680 $
Total Income: 1 525 517 $

Nordiques

5 vs 5 Forward 
   Center                   Left Wing                Right Wing               Time % Phy DF OF 
 1 Ryan O'Reilly            Jamie Benn               Jaromir Jagr             30     0   2  3  
 2 Kyle Turris              Evander Kane             Alexander Wennberg       30     0   2  3  
 3 Patrik Berglund          Sebastian Aho            Connor Brown             30     0   2  3  
 4 Luke Glendening          Derek MacKenzie          Paul Carey               10     1   2  2  

5 vs 5 Defense 
   Defense                  Defense                                           Time % Phy DF OF 
 1 Jared Spurgeon           Shayne Gostisbehere                               38     1   3  1  
 2 Morgan Rielly            Kevin Klein                                       37     1   2  2  
 3 John-Michael Liles       Tom Gilbert                                       25     1   3  1  
 4 Jared Spurgeon           Morgan Rielly                                     0      1   2  2  

PowerPlay Forward 
   Center                   Left Wing                Right Wing               Time % Phy DF OF 
 1 Ryan O'Reilly            Jamie Benn               Alexander Wennberg       50     0   1  4  
 2 Kyle Turris              Evander Kane             Sebastian Aho            50     0   1  4  

PowerPlay Defense
   Defense                  Defense                                           Time % Phy DF OF 
 1 Jared Spurgeon           Shayne Gostisbehere                               60     0   2  3  
 2 Morgan Rielly            John-Michael Liles                                40     0   2  3  

Penalty Kill 4 Players Forward 
   Center                   Wing                     Time % Phy DF OF 
 1 Patrik Berglund          Connor Brown             50     0   3  2  
 2 Luke Glendening          Derek MacKenzie          50     0   3  2  

Penalty Kill 4 Players Defense
   Defense                  Defense                  Time % Phy DF OF 
 1 Morgan Rielly            Kevin Klein              60     1   3  1  
 2 Jared Spurgeon           Tom Gilbert              40     1   3  1  

Penalty Kill - 3 Players Forward 
   Forward                                           Time % Phy DF OF 
 1 Ryan O'Reilly                                     50     0   3  2  
 2 Patrik Berglund                                   50     0   3  2  

Penalty Kill - 3 Players Defense
   Defense                  Defense                  Time % Phy DF OF 
 1 Morgan Rielly            Kevin Klein              60     1   3  1  
 2 Jared Spurgeon           Tom Gilbert              40     1   3  1  

4 vs 4 Forward 
   Center                   Wing                     Time % Phy DF OF 
 1 Ryan O'Reilly            Jamie Benn               50     0   2  3  
 2 Kyle Turris              Alexander Wennberg       50     0   3  2  

4 vs 4 Defense
   Defense                  Defense                  Time % Phy DF OF 
 1 Jared Spurgeon           Shayne Gostisbehere      50     1   3  1  
 2 Morgan Rielly            Kevin Klein              50     1   3  1  

Last Minutes Offensive
   Center                   Left Wing                Right Wing               Defense                  Defense                  
   Ryan O'Reilly            Jamie Benn               Alexander Wennberg       Jared Spurgeon           Shayne Gostisbehere      

Last Minutes Defensive
   Center                   Left Wing                Right Wing               Defense                  Defense                  
   Ryan O'Reilly            Jamie Benn               Connor Brown             Jared Spurgeon           Morgan Rielly            

Goaltenders
Starting : Roberto Luongo           
Backup : Jonathan Bernier         

Extra Forwards
Normal : Evander Kane, Ryan O'Reilly, Jamie Benn - PP : Jaromir Jagr, Patrik Berglund - PK : Jamie Benn
Extra Defensemen
Normal : John-Michael Liles, Tom Gilbert, Kevin Klein - PP : Morgan Rielly - PK : John-Michael Liles, Shayne Gostisbehere
Penalty Shots
Patrik Berglund, Kyle Turris, Sebastian Aho, Jamie Benn, Ryan O'Reilly
Custom OT Lines Forwards
Jamie Benn, Ryan O'Reilly, Kyle Turris, Alexander Wennberg, Patrik Berglund, Sebastian Aho, Evander Kane, Jaromir Jagr, Connor Brown, Luke Glendening
Custom OT Lines Defensemen
Jared Spurgeon, Morgan Rielly, Shayne Gostisbehere, Kevin Klein, John-Michael Liles

Scratches
Jakub Vrana (Bruised Right Leg Injury), Chris VandeVelde (Healthy), Korbinian Holzer (Healthy)

Capitals

5 vs 5 Forward 
   Center                   Left Wing                Right Wing               Time % Phy DF OF 
 1 Claude Giroux            Ondrej Palat             Josh Bailey              40     0   2  3  
 2 Valtteri Filppula        Brock Nelson             Tobias Rieder            30     1   2  2  
 3 Darren Helm              Jake Guentzel            Joakim Nordstrom         20     1   2  2  
 4 Riley Sheahan            Nick Shore               Drew Miller              10     1   3  1  

5 vs 5 Defense 
   Defense                  Defense                                           Time % Phy DF OF 
 1 Oliver Ekman-Larsson     Anton Stralman                                    35     1   2  2  
 2 Zach Bogosian            Ben Chiarot                                       30     1   2  2  
 3 Brady Skjei              Brendan Smith                                     25     1   2  2  
 4 Oliver Ekman-Larsson     Anton Stralman                                    10     1   2  2  

PowerPlay Forward 
   Center                   Left Wing                Right Wing               Time % Phy DF OF 
 1 Claude Giroux            Ondrej Palat             Josh Bailey              60     1   2  2  
 2 Valtteri Filppula        Brock Nelson             Tobias Rieder            40     1   2  2  

PowerPlay Defense
   Defense                  Defense                                           Time % Phy DF OF 
 1 Oliver Ekman-Larsson     Anton Stralman                                    60     1   2  2  
 2 Zach Bogosian            Ben Chiarot                                       40     1   2  2  

Penalty Kill 4 Players Forward 
   Center                   Wing                     Time % Phy DF OF 
 1 Nick Shore               Darren Helm              60     1   2  2  
 2 Riley Sheahan            Joakim Nordstrom         40     1   2  2  

Penalty Kill 4 Players Defense
   Defense                  Defense                  Time % Phy DF OF 
 1 Brady Skjei              Brendan Smith            60     1   2  2  
 2 Zach Bogosian            Ben Chiarot              40     1   2  2  

Penalty Kill - 3 Players Forward 
   Forward                                           Time % Phy DF OF 
 1 Nick Shore                                        60     1   2  2  
 2 Darren Helm                                       40     1   2  2  

Penalty Kill - 3 Players Defense
   Defense                  Defense                  Time % Phy DF OF 
 1 Brady Skjei              Brendan Smith            60     1   2  2  
 2 Zach Bogosian            Ben Chiarot              40     1   2  2  

4 vs 4 Forward 
   Center                   Wing                     Time % Phy DF OF 
 1 Claude Giroux            Ondrej Palat             60     1   2  2  
 2 Valtteri Filppula        Josh Bailey              40     1   2  2  

4 vs 4 Defense
   Defense                  Defense                  Time % Phy DF OF 
 1 Oliver Ekman-Larsson     Anton Stralman           60     1   2  2  
 2 Zach Bogosian            Ben Chiarot              40     1   2  2  

Last Minutes Offensive
   Center                   Left Wing                Right Wing               Defense                  Defense                  
   Claude Giroux            Ondrej Palat             Josh Bailey              Oliver Ekman-Larsson     Anton Stralman           

Last Minutes Defensive
   Center                   Left Wing                Right Wing               Defense                  Defense                  
   Claude Giroux            Ondrej Palat             Josh Bailey              Oliver Ekman-Larsson     Anton Stralman           

Goaltenders
Starting : Antti Raanta             
Backup : Jonathan Quick           

Extra Forwards
Normal : Nick Shore, Darren Helm, Jake Guentzel - PP : Nick Shore, Darren Helm - PK : Jake Guentzel
Extra Defensemen
Normal : Brady Skjei, Brendan Smith, Zach Bogosian - PP : Brady Skjei - PK : Brendan Smith, Zach Bogosian
Penalty Shots
Claude Giroux, Ondrej Palat, Valtteri Filppula, Josh Bailey, Brock Nelson
Custom OT Lines Forwards
Claude Giroux, Ondrej Palat, Valtteri Filppula, Josh Bailey, Brock Nelson, Tobias Rieder, Darren Helm, Jake Guentzel, Riley Sheahan, Nick Shore
Custom OT Lines Defensemen
Oliver Ekman-Larsson, Anton Stralman, Zach Bogosian, Ben Chiarot, Brady Skjei

Scratches
Anders Bjork (Healthy), Chris Thorburn (Healthy), Simon Despres (Healthy), Brandon Pirri (Healthy)

% Time on Ice - Nordiques

Lines # - Real PCT - Wanted PCT - Time Play
Normal Forward
1 - 30% - 30% - 15:02
2 - 28% - 30% - 13:58
3 - 26% - 30% - 12:53
4 - 16% - 10% - 8:11
Normal Defense
1 - 38% - 38% - 18:52
2 - 36% - 37% - 17:52
3 - 25% - 25% - 12:44
4 - 1% - 0% - 0:36
PP Forward
1 - 54% - 50% - 5:24
2 - 46% - 50% - 4:32
PP Defense
1 - 61% - 60% - 6:03
2 - 39% - 40% - 3:53
PK Forward
1 - 0% - 50%
2 - 0% - 50%
PK Defense
1 - 0% - 60%
2 - 0% - 40%
PK3 Forward
1 - 0% - 50%
2 - 0% - 50%
PK3 Defense
1 - 0% - 60%
2 - 0% - 40%
44 Forward
1 - 0% - 50%
2 - 0% - 50%
44 Defense
1 - 0% - 50%
2 - 0% - 50%
Last Minute Offensive  - 0:00
Last Minute Defensive  - 0:00
Total
Forward - 60:00
Defense - 60:00

% Time on Ice - Capitals

Lines # - Real PCT - Wanted PCT - Time Play
Normal Forward
1 - 37% - 40% - 18:44
2 - 27% - 30% - 13:23
3 - 22% - 20% - 10:52
4 - 14% - 10% - 7:05
Normal Defense
1 - 33% - 35% - 16:44
2 - 30% - 30% - 14:55
3 - 27% - 25% - 13:35
4 - 10% - 10% - 4:50
PP Forward
1 - 0% - 60%
2 - 0% - 40%
PP Defense
1 - 0% - 60%
2 - 0% - 40%
PK Forward
1 - 70% - 60% - 6:56
2 - 30% - 40% - 3:00
PK Defense
1 - 50% - 60% - 4:59
2 - 50% - 40% - 4:57
PK3 Forward
1 - 0% - 60%
2 - 0% - 40%
PK3 Defense
1 - 0% - 60%
2 - 0% - 40%
44 Forward
1 - 0% - 60%
2 - 0% - 40%
44 Defense
1 - 0% - 60%
2 - 0% - 40%
Last Minute Offensive  - 0:00
Last Minute Defensive  - 0:00
Total
Forward - 60:00
Defense - 60:00

Play by Play

1st period


0:01 of 1st period - Claude Giroux wins face-off versus Ryan O'Reilly in neutral zone.
0:49 of 1st period - Morgan Rielly is hit by Drew Miller.
0:53 of 1st period - Ben Chiarot is hit by Patrik Berglund and loses puck.
1:14 of 1st period - Luke Glendening is hit by Claude Giroux and loses puck.
2:19 of 1st period - Backhand shot by Brock Nelson.
2:19 of 1st period - Stopped by Roberto Luongo with a rebound.
3:01 of 1st period - Wrist shot by Darren Helm.
3:01 of 1st period - Shot Misses the Net.
3:20 of 1st period - Icing by Evander Kane.
3:21 of 1st period - Josh Bailey wins face-off versus Kyle Turris in Nordiques zone.
3:36 of 1st period - Wrist shot by Claude Giroux.
3:36 of 1st period - Stopped by Roberto Luongo with a rebound.
3:57 of 1st period - Snap shot by Connor Brown.
3:57 of 1st period - Stopped by Antti Raanta with a rebound.
4:09 of 1st period - Snap shot by Brock Nelson.
4:09 of 1st period - Shot Misses the Net.
4:11 of 1st period - Wrist shot by Darren Helm.
4:11 of 1st period - Stopped by Roberto Luongo with a rebound.
4:13 of 1st period - Snap shot by Brendan Smith.
4:13 of 1st period - Stopped by Roberto Luongo without a rebound.
4:14 of 1st period - Kyle Turris wins face-off versus Jake Guentzel in Nordiques zone.
4:27 of 1st period - Wrist shot by Kyle Turris.
4:27 of 1st period - Stopped by Antti Raanta without a rebound.
4:28 of 1st period - Patrik Berglund wins face-off versus Claude Giroux in Capitals zone.
4:33 of 1st period - Slapshot by Patrik Berglund.
4:33 of 1st period - Shot Blocked by Anton Stralman.
4:55 of 1st period - Ryan O'Reilly is hit by Brock Nelson and loses puck.
5:14 of 1st period - Wrist shot by Ryan O'Reilly.
5:14 of 1st period - Shot Blocked by Darren Helm.
5:18 of 1st period - Wrist shot by Alexander Wennberg.
5:18 of 1st period - Shot Misses the Net.
5:22 of 1st period - Backhand shot by Kyle Turris.
5:22 of 1st period - Stopped by Antti Raanta without a rebound.
5:23 of 1st period - Ondrej Palat wins face-off versus Patrik Berglund in Capitals zone.
5:37 of 1st period - Off-side.
5:38 of 1st period - Valtteri Filppula wins face-off versus Ryan O'Reilly in neutral zone.
6:42 of 1st period - Icing by Darren Helm.
6:43 of 1st period - Patrik Berglund wins face-off versus Darren Helm in Capitals zone.
6:44 of 1st period - Snap shot by Sebastian Aho.
6:44 of 1st period - Shot Blocked by Anton Stralman.
6:54 of 1st period - Snap shot by Patrik Berglund.
6:54 of 1st period - Stopped by Antti Raanta without a rebound.
6:55 of 1st period - Claude Giroux wins face-off versus Jaromir Jagr in Capitals zone.
7:04 of 1st period - Backhand shot by Ondrej Palat.
7:04 of 1st period - Deflect By Claude Giroux.
7:04 of 1st period - Shot Misses the Net.
7:04 of 1st period - Puck is out of play.
7:05 of 1st period - Ryan O'Reilly wins face-off versus Ondrej Palat in Nordiques zone.
7:12 of 1st period - Wrist shot by Jamie Benn.
7:12 of 1st period - Shot Misses the Net.
7:14 of 1st period - Slapshot by Shayne Gostisbehere.
7:14 of 1st period - Deflect By Ondrej Palat.
7:14 of 1st period - Stopped by Antti Raanta without a rebound.
7:15 of 1st period - Kyle Turris wins face-off versus Claude Giroux in Capitals zone.
7:20 of 1st period - Wrist shot by Kyle Turris.
7:20 of 1st period - Deflect By Evander Kane.
7:20 of 1st period - Shot Misses the Net.
7:20 of 1st period - Puck is out of play.
7:21 of 1st period - Kyle Turris wins face-off versus Claude Giroux in Capitals zone.
7:32 of 1st period - Slapshot by Kyle Turris.
7:32 of 1st period - Shot Misses the Net.
7:34 of 1st period - Snap shot by Alexander Wennberg.
7:34 of 1st period - Stopped by Antti Raanta with a rebound.
7:36 of 1st period - Snap shot by Kyle Turris.
7:36 of 1st period - Stopped by Antti Raanta with a rebound.
7:44 of 1st period - Minor Penalty to Ondrej Palat for Slashing.
7:45 of 1st period - Ryan O'Reilly wins face-off versus Nick Shore in Capitals zone.
7:46 of 1st period - Slapshot by Alexander Wennberg.
7:46 of 1st period - Stopped by Antti Raanta with a rebound.
7:48 of 1st period - Slapshot by Ryan O'Reilly.
7:48 of 1st period - Deflect By Nick Shore.
7:48 of 1st period - Shot Misses the Net.
7:48 of 1st period - Puck is out of play.
7:49 of 1st period - Nick Shore wins face-off versus Ryan O'Reilly in Capitals zone.
9:44 of 1st period - Penalty to Ondrej Palat is over, Ondrej Palat is back on ice.
9:52 of 1st period - Off-side.
9:53 of 1st period - Valtteri Filppula wins face-off versus Luke Glendening in neutral zone.
10:47 of 1st period - Off-side.
10:48 of 1st period - Valtteri Filppula wins face-off versus Patrik Berglund in neutral zone.
10:53 of 1st period - Slapshot by Brock Nelson.
10:53 of 1st period - Shot Blocked by Patrik Berglund.
11:03 of 1st period - Snap shot by Patrik Berglund.
11:03 of 1st period - Goal by Patrik Berglund - Nordiques : 1 - Capitals : 0.
11:04 of 1st period - Jamie Benn wins face-off versus Claude Giroux in neutral zone.
11:11 of 1st period - Ryan O'Reilly is hit by Brendan Smith and loses puck.
12:21 of 1st period - Snap shot by Jamie Benn.
12:21 of 1st period - Shot Misses the Net.
12:29 of 1st period - Snap shot by Ondrej Palat.
12:29 of 1st period - Stopped by Roberto Luongo with a rebound.
12:31 of 1st period - Wrist shot by Ben Chiarot.
12:31 of 1st period - Shot Blocked by Ryan O'Reilly.
12:57 of 1st period - Snap shot by Claude Giroux.
12:57 of 1st period - Stopped by Roberto Luongo without a rebound.
12:58 of 1st period - Valtteri Filppula wins face-off versus Patrik Berglund in Nordiques zone.
12:59 of 1st period - Slapshot by Brock Nelson.
12:59 of 1st period - Stopped by Roberto Luongo with a rebound.
13:01 of 1st period - Snap shot by Brock Nelson.
13:01 of 1st period - Goal by Brock Nelson - Nordiques : 1 - Capitals : 1.
13:02 of 1st period - Patrik Berglund wins face-off versus Valtteri Filppula in neutral zone.
13:05 of 1st period - Wrist shot by Patrik Berglund.
13:05 of 1st period - Stopped by Antti Raanta without a rebound.
13:06 of 1st period - Valtteri Filppula wins face-off versus Patrik Berglund in Capitals zone.
13:20 of 1st period - Off-side.
13:21 of 1st period - Darren Helm wins face-off versus Kyle Turris in neutral zone.
14:16 of 1st period - Snap shot by Ryan O'Reilly.
14:16 of 1st period - Shot Misses the Net.
14:18 of 1st period - Snap shot by Jamie Benn.
14:18 of 1st period - Shot Blocked by Anton Stralman.
14:20 of 1st period - Slapshot by Morgan Rielly.
14:20 of 1st period - Stopped by Antti Raanta with a rebound.
14:50 of 1st period - Oliver Ekman-Larsson is hit by Kyle Turris and loses puck.
14:55 of 1st period - Slapshot by Kyle Turris.
14:55 of 1st period - Stopped by Antti Raanta without a rebound.
14:56 of 1st period - Valtteri Filppula wins face-off versus Patrik Berglund in Capitals zone.
15:03 of 1st period - Slapshot by Brock Nelson.
15:03 of 1st period - Stopped by Roberto Luongo with a rebound.
15:12 of 1st period - Off-side.
15:13 of 1st period - Claude Giroux wins face-off versus Kyle Turris in neutral zone.
16:02 of 1st period - Morgan Rielly is hit by Darren Helm and loses puck.
16:43 of 1st period - Anton Stralman is hit by Shayne Gostisbehere.
16:47 of 1st period - Shayne Gostisbehere is hit by Ondrej Palat and loses puck.
16:54 of 1st period - Wrist shot by Alexander Wennberg.
16:54 of 1st period - Stopped by Antti Raanta without a rebound.
16:55 of 1st period - Patrik Berglund wins face-off versus Valtteri Filppula in Capitals zone.
17:46 of 1st period - Evander Kane is hit by Jake Guentzel and loses puck.
18:09 of 1st period - Slapshot by Brock Nelson.
18:09 of 1st period - Shot Blocked by Jared Spurgeon.
18:11 of 1st period - Wrist shot by Anton Stralman.
18:11 of 1st period - Shot Blocked by Alexander Wennberg.
18:13 of 1st period - Wrist shot by Brock Nelson.
18:13 of 1st period - Stopped by Roberto Luongo with a rebound.
18:53 of 1st period - Josh Bailey is hit by Jamie Benn and loses puck.
19:17 of 1st period - Off-side.
19:18 of 1st period - Valtteri Filppula wins face-off versus Patrik Berglund in neutral zone.
19:43 of 1st period - Oliver Ekman-Larsson is hit by John-Michael Liles and loses puck.
19:50 of 1st period - Wrist shot by Josh Bailey.
19:50 of 1st period - Stopped by Roberto Luongo with a rebound.
Goals for this period are 1 for Nordiques vs 1 for Capitals.
Shots for this period are 13 for Nordiques vs 11 for Capitals.

2nd period


0:01 of 2nd period - Valtteri Filppula wins face-off versus Kyle Turris in neutral zone.
0:04 of 2nd period - Slapshot by Valtteri Filppula.
0:04 of 2nd period - Stopped by Roberto Luongo without a rebound.
0:05 of 2nd period - Valtteri Filppula wins face-off versus Kyle Turris in Nordiques zone.
0:06 of 2nd period - Wrist shot by Brock Nelson.
0:06 of 2nd period - Shot Blocked by Morgan Rielly.
0:08 of 2nd period - Slapshot by Valtteri Filppula.
0:08 of 2nd period - Shot Misses the Net.
0:12 of 2nd period - Snap shot by Valtteri Filppula.
0:12 of 2nd period - Deflect By Tobias Rieder.
0:12 of 2nd period - Stopped by Roberto Luongo with a rebound.
0:14 of 2nd period - Slapshot by Oliver Ekman-Larsson.
0:14 of 2nd period - Stopped by Roberto Luongo without a rebound.
0:15 of 2nd period - Patrik Berglund wins face-off versus Valtteri Filppula in Nordiques zone.
0:47 of 2nd period - Snap shot by Josh Bailey.
0:47 of 2nd period - Shot Blocked by Morgan Rielly.
1:31 of 2nd period - Backhand shot by Riley Sheahan.
1:31 of 2nd period - Shot Blocked by John-Michael Liles.
1:33 of 2nd period - Wrist shot by Nick Shore.
1:33 of 2nd period - Shot Misses the Net.
2:07 of 2nd period - Slapshot by Jaromir Jagr.
2:07 of 2nd period - Stopped by Antti Raanta without a rebound.
2:08 of 2nd period - Claude Giroux wins face-off versus Ryan O'Reilly in Capitals zone.
3:13 of 2nd period - Snap shot by Morgan Rielly.
3:13 of 2nd period - Stopped by Antti Raanta with a rebound.
3:15 of 2nd period - Slapshot by Morgan Rielly.
3:15 of 2nd period - Deflect By Luke Glendening.
3:15 of 2nd period - Shot Misses the Net.
3:15 of 2nd period - Puck is out of play.
3:16 of 2nd period - Luke Glendening wins face-off versus Riley Sheahan in Capitals zone.
3:25 of 2nd period - Drew Miller is hit by Derek MacKenzie and loses puck.
3:42 of 2nd period - Paul Carey is hit by Nick Shore and loses puck.
4:10 of 2nd period - Snap shot by Nick Shore.
4:10 of 2nd period - Deflect By Drew Miller.
4:10 of 2nd period - Shot Blocked by Tom Gilbert.
4:10 of 2nd period - Puck is out of play.
4:11 of 2nd period - Ryan O'Reilly wins face-off versus Valtteri Filppula in Nordiques zone.
4:18 of 2nd period - Snap shot by Valtteri Filppula.
4:18 of 2nd period - Stopped by Roberto Luongo with a rebound.
4:20 of 2nd period - Slapshot by Brendan Smith.
4:20 of 2nd period - Stopped by Roberto Luongo with a rebound.
4:22 of 2nd period - Wrist shot by Tobias Rieder.
4:22 of 2nd period - Shot Misses the Net.
4:37 of 2nd period - Minor Penalty to Brendan Smith for Hooking.
4:38 of 2nd period - Kyle Turris wins face-off versus Nick Shore in Capitals zone.
5:18 of 2nd period - Off-side.
5:19 of 2nd period - Ryan O'Reilly wins face-off versus Riley Sheahan in neutral zone.
5:48 of 2nd period - Zach Bogosian is hit by Sebastian Aho and loses puck.
6:33 of 2nd period - Shayne Gostisbehere is hit by Anton Stralman and loses puck.
6:37 of 2nd period - Penalty to Brendan Smith is over, Brendan Smith is back on ice.
7:16 of 2nd period - Wrist shot by Patrik Berglund.
7:16 of 2nd period - Stopped by Antti Raanta with a rebound.
7:28 of 2nd period - Double Minor Penalty to Ben Chiarot for Roughing.
7:29 of 2nd period - Nick Shore wins face-off versus Alexander Wennberg in Capitals zone.
7:29 of 2nd period - Nick Shore is hit by Alexander Wennberg.
10:09 of 2nd period - Wrist shot by Joakim Nordstrom.
10:09 of 2nd period - Shot Misses the Net.
10:33 of 2nd period - Icing by Tom Gilbert.
10:34 of 2nd period - Derek MacKenzie wins face-off versus Claude Giroux in Nordiques zone.
11:03 of 2nd period - Derek MacKenzie is hit by Joakim Nordstrom and loses puck.
11:12 of 2nd period - Slapshot by Morgan Rielly.
11:12 of 2nd period - Shot Blocked by Joakim Nordstrom.
11:28 of 2nd period - Penalty to Ben Chiarot is over, Ben Chiarot is back on ice.
12:03 of 2nd period - Slapshot by Connor Brown.
12:03 of 2nd period - Stopped by Antti Raanta with a rebound.
12:32 of 2nd period - Snap shot by Claude Giroux.
12:32 of 2nd period - Stopped by Roberto Luongo with a rebound.
12:34 of 2nd period - Slapshot by Brady Skjei.
12:34 of 2nd period - Stopped by Roberto Luongo with a rebound.
13:00 of 2nd period - Wrist shot by Claude Giroux.
13:00 of 2nd period - Shot Misses the Net.
13:02 of 2nd period - Slapshot by Brady Skjei.
13:02 of 2nd period - Shot Blocked by Morgan Rielly.
13:04 of 2nd period - Wrist shot by Claude Giroux.
13:04 of 2nd period - Shot Misses the Net.
13:06 of 2nd period - Snap shot by Claude Giroux.
13:06 of 2nd period - Stopped by Roberto Luongo without a rebound.
13:07 of 2nd period - Kyle Turris wins face-off versus Valtteri Filppula in Nordiques zone.
13:12 of 2nd period - Evander Kane is hit by Ben Chiarot and loses puck.
13:25 of 2nd period - Jared Spurgeon is hit by Zach Bogosian and loses puck.
14:29 of 2nd period - Tom Gilbert is hit by Drew Miller and loses puck.
15:03 of 2nd period - Shayne Gostisbehere is hit by Anton Stralman and loses puck.
16:01 of 2nd period - John-Michael Liles is hit by Oliver Ekman-Larsson and loses puck.
16:33 of 2nd period - Ryan O'Reilly is hit by Drew Miller and loses puck.
17:01 of 2nd period - Kyle Turris is hit by Anton Stralman and loses puck.
17:30 of 2nd period - Jared Spurgeon is hit by Valtteri Filppula and loses puck.
18:12 of 2nd period - Brendan Smith is hit by Jamie Benn and loses puck.
18:49 of 2nd period - Kyle Turris is hit by Riley Sheahan and loses puck.
19:14 of 2nd period - Jared Spurgeon is hit by Joakim Nordstrom and loses puck.
19:19 of 2nd period - Snap shot by Darren Helm.
19:19 of 2nd period - Stopped by Roberto Luongo with a rebound.
19:31 of 2nd period - Jaromir Jagr is hit by Tobias Rieder and loses puck.
Goals for this period are 0 for Nordiques vs 0 for Capitals.
Shots for this period are 4 for Nordiques vs 9 for Capitals.

3rd period


0:01 of 3rd period - Patrik Berglund wins face-off versus Ondrej Palat in neutral zone.
0:08 of 3rd period - Snap shot by Sebastian Aho.
0:08 of 3rd period - Shot Misses the Net.
0:10 of 3rd period - Snap shot by Patrik Berglund.
0:10 of 3rd period - Stopped by Antti Raanta without a rebound.
0:11 of 3rd period - Josh Bailey wins face-off versus Patrik Berglund in Capitals zone.
1:02 of 3rd period - Jaromir Jagr is hit by Darren Helm and loses puck.
1:09 of 3rd period - Wrist shot by Jamie Benn.
1:09 of 3rd period - Shot Blocked by Brendan Smith.
1:11 of 3rd period - Slapshot by Morgan Rielly.
1:11 of 3rd period - Shot Blocked by Brady Skjei.
1:25 of 3rd period - Snap shot by Jake Guentzel.
1:25 of 3rd period - Stopped by Roberto Luongo with a rebound.
1:27 of 3rd period - Snap shot by Riley Sheahan.
1:27 of 3rd period - Stopped by Roberto Luongo with a rebound.
1:29 of 3rd period - Wrist shot by Nick Shore.
1:29 of 3rd period - Stopped by Roberto Luongo with a rebound.
1:31 of 3rd period - Wrist shot by Nick Shore.
1:31 of 3rd period - Shot Misses the Net.
1:33 of 3rd period - Slapshot by Brendan Smith.
1:33 of 3rd period - Deflect By Morgan Rielly.
1:33 of 3rd period - Stopped by Roberto Luongo without a rebound.
1:34 of 3rd period - Claude Giroux wins face-off versus Patrik Berglund in Nordiques zone.
1:37 of 3rd period - Snap shot by Claude Giroux.
1:37 of 3rd period - Shot Misses the Net.
2:01 of 3rd period - Brock Nelson is hit by Tom Gilbert.
2:45 of 3rd period - Snap shot by Luke Glendening.
2:45 of 3rd period - Stopped by Antti Raanta with a rebound.
3:07 of 3rd period - Wrist shot by Kyle Turris.
3:07 of 3rd period - Stopped by Antti Raanta with a rebound.
3:09 of 3rd period - Wrist shot by Evander Kane.
3:09 of 3rd period - Shot Misses the Net.
3:11 of 3rd period - Slapshot by Tom Gilbert.
3:11 of 3rd period - Shot Blocked by Brady Skjei.
3:33 of 3rd period - Wrist shot by Brock Nelson.
3:33 of 3rd period - Stopped by Roberto Luongo without a rebound.
3:34 of 3rd period - Darren Helm wins face-off versus Evander Kane in Nordiques zone.
3:43 of 3rd period - Wrist shot by Jake Guentzel.
3:43 of 3rd period - Stopped by Roberto Luongo without a rebound.
3:44 of 3rd period - Kyle Turris wins face-off versus Darren Helm in Nordiques zone.
4:04 of 3rd period - Slapshot by Kyle Turris.
4:04 of 3rd period - Shot Blocked by Joakim Nordstrom.
4:06 of 3rd period - Snap shot by Jared Spurgeon.
4:06 of 3rd period - Deflect By Alexander Wennberg.
4:06 of 3rd period - Stopped by Antti Raanta with a rebound.
4:08 of 3rd period - Snap shot by Kyle Turris.
4:08 of 3rd period - Stopped by Antti Raanta without a rebound.
4:09 of 3rd period - Claude Giroux wins face-off versus Patrik Berglund in Capitals zone.
5:12 of 3rd period - Jake Guentzel is hit by Alexander Wennberg and loses puck.
5:45 of 3rd period - Brady Skjei is hit by Patrik Berglund and loses puck.
6:29 of 3rd period - Morgan Rielly is hit by Oliver Ekman-Larsson and loses puck.
7:06 of 3rd period - Zach Bogosian is hit by Patrik Berglund and loses puck.
7:13 of 3rd period - Wrist shot by Sebastian Aho.
7:13 of 3rd period - Shot Misses the Net.
7:34 of 3rd period - Josh Bailey is hit by Kyle Turris and loses puck.
7:49 of 3rd period - Derek MacKenzie is hit by Anton Stralman.
7:55 of 3rd period - Icing by Derek MacKenzie.
7:56 of 3rd period - Riley Sheahan wins face-off versus Luke Glendening in Nordiques zone.
7:57 of 3rd period - Snap shot by Oliver Ekman-Larsson.
7:57 of 3rd period - Shot Misses the Net.
7:59 of 3rd period - Wrist shot by Nick Shore.
7:59 of 3rd period - Deflect By Riley Sheahan.
7:59 of 3rd period - Stopped by Roberto Luongo without a rebound.
8:00 of 3rd period - Sebastian Aho wins face-off versus Claude Giroux in Nordiques zone.
8:13 of 3rd period - Slapshot by Zach Bogosian.
8:13 of 3rd period - Stopped by Roberto Luongo without a rebound.
8:14 of 3rd period - Patrik Berglund wins face-off versus Claude Giroux in Nordiques zone.
8:29 of 3rd period - Wrist shot by Josh Bailey.
8:29 of 3rd period - Stopped by Roberto Luongo without a rebound.
8:30 of 3rd period - Valtteri Filppula wins face-off versus Kyle Turris in Nordiques zone.
8:39 of 3rd period - Alexander Wennberg is hit by Valtteri Filppula and loses puck.
8:56 of 3rd period - Jared Spurgeon is hit by Oliver Ekman-Larsson and loses puck.
9:05 of 3rd period - Snap shot by Ondrej Palat.
9:05 of 3rd period - Shot Misses the Net.
9:07 of 3rd period - Slapshot by Zach Bogosian.
9:07 of 3rd period - Shot Misses the Net.
9:09 of 3rd period - Slapshot by Zach Bogosian.
9:09 of 3rd period - Deflect By Claude Giroux.
9:09 of 3rd period - Shot Misses the Net.
9:09 of 3rd period - Puck is out of play.
9:10 of 3rd period - Darren Helm wins face-off versus Kyle Turris in Nordiques zone.
9:41 of 3rd period - Slapshot by Morgan Rielly.
9:41 of 3rd period - Shot Misses the Net.
10:47 of 3rd period - Snap shot by Alexander Wennberg.
10:47 of 3rd period - Shot Misses the Net.
10:49 of 3rd period - Slapshot by Morgan Rielly.
10:49 of 3rd period - Stopped by Antti Raanta without a rebound.
10:50 of 3rd period - Patrik Berglund wins face-off versus Valtteri Filppula in Capitals zone.
11:01 of 3rd period - Jared Spurgeon is hit by Brock Nelson and loses puck.
11:26 of 3rd period - Brock Nelson is hit by Patrik Berglund and loses puck.
11:53 of 3rd period - Snap shot by Tobias Rieder.
11:53 of 3rd period - Stopped by Roberto Luongo without a rebound.
11:54 of 3rd period - Ryan O'Reilly wins face-off versus Claude Giroux in Nordiques zone.
11:54 of 3rd period - Ryan O'Reilly is hit by Josh Bailey.
12:00 of 3rd period - Wrist shot by Jamie Benn.
12:00 of 3rd period - Stopped by Antti Raanta without a rebound.
12:01 of 3rd period - Ryan O'Reilly wins face-off versus Claude Giroux in Capitals zone.
12:04 of 3rd period - Snap shot by Ryan O'Reilly.
12:04 of 3rd period - Stopped by Antti Raanta with a rebound.
12:06 of 3rd period - Snap shot by Jamie Benn.
12:06 of 3rd period - Shot Misses the Net.
12:08 of 3rd period - Slapshot by Tom Gilbert.
12:08 of 3rd period - Shot Misses the Net.
12:10 of 3rd period - Backhand shot by Ryan O'Reilly.
12:10 of 3rd period - Shot Blocked by Zach Bogosian.
12:19 of 3rd period - Minor Penalty to Ondrej Palat for Tripping.
12:20 of 3rd period - Kyle Turris wins face-off versus Nick Shore in Capitals zone.
13:51 of 3rd period - Icing by Jamie Benn.
13:52 of 3rd period - Ryan O'Reilly wins face-off versus Drew Miller in Nordiques zone.
14:13 of 3rd period - Kyle Turris is hit by Nick Shore.
14:19 of 3rd period - Penalty to Ondrej Palat is over, Ondrej Palat is back on ice.
14:45 of 3rd period - Valtteri Filppula is hit by Sebastian Aho and loses puck.
15:09 of 3rd period - Off-side.
15:10 of 3rd period - Claude Giroux wins face-off versus Ryan O'Reilly in neutral zone.
15:13 of 3rd period - Wrist shot by Brendan Smith.
15:13 of 3rd period - Stopped by Roberto Luongo without a rebound.
15:14 of 3rd period - Claude Giroux wins face-off versus Jaromir Jagr in Nordiques zone.
15:15 of 3rd period - Slapshot by Ondrej Palat.
15:15 of 3rd period - Shot Misses the Net.
15:17 of 3rd period - Snap shot by Claude Giroux.
15:17 of 3rd period - Shot Misses the Net.
15:19 of 3rd period - Slapshot by Claude Giroux.
15:19 of 3rd period - Stopped by Roberto Luongo with a rebound.
15:21 of 3rd period - Slapshot by Brendan Smith.
15:21 of 3rd period - Shot Blocked by Tom Gilbert.
15:23 of 3rd period - Snap shot by Claude Giroux.
15:23 of 3rd period - Shot Blocked by Jamie Benn.
15:25 of 3rd period - Snap shot by Ondrej Palat.
15:25 of 3rd period - Shot Blocked by Jamie Benn.
15:27 of 3rd period - Snap shot by Ondrej Palat.
15:27 of 3rd period - Shot Blocked by Jaromir Jagr.
15:29 of 3rd period - Wrist shot by Ondrej Palat.
15:29 of 3rd period - Stopped by Roberto Luongo without a rebound.
15:30 of 3rd period - Darren Helm wins face-off versus Patrik Berglund in Nordiques zone.
15:33 of 3rd period - Slapshot by Jake Guentzel.
15:33 of 3rd period - Shot Blocked by John-Michael Liles.
15:35 of 3rd period - Slapshot by Oliver Ekman-Larsson.
15:35 of 3rd period - Stopped by Roberto Luongo with a rebound.
15:37 of 3rd period - Wrist shot by Darren Helm.
15:37 of 3rd period - Stopped by Roberto Luongo with a rebound.
17:10 of 3rd period - Slapshot by Ondrej Palat.
17:10 of 3rd period - Stopped by Roberto Luongo with a rebound.
17:24 of 3rd period - Wrist shot by Kyle Turris.
17:24 of 3rd period - Stopped by Antti Raanta with a rebound.
17:26 of 3rd period - Backhand shot by Kevin Klein.
17:26 of 3rd period - Deflect By Kyle Turris.
17:26 of 3rd period - Shot Misses the Net.
17:26 of 3rd period - Puck is out of play.
17:27 of 3rd period - Kyle Turris wins face-off versus Darren Helm in Capitals zone.
17:28 of 3rd period - Snap shot by Alexander Wennberg.
17:28 of 3rd period - Stopped by Antti Raanta with a rebound.
17:45 of 3rd period - Icing by Anton Stralman.
17:46 of 3rd period - Darren Helm wins face-off versus Patrik Berglund in Capitals zone.
18:19 of 3rd period - Anton Stralman is hit by Patrik Berglund and loses puck.
18:26 of 3rd period - Connor Brown is hit by Oliver Ekman-Larsson and loses puck.
18:39 of 3rd period - Snap shot by John-Michael Liles.
18:39 of 3rd period - Deflect By Connor Brown.
18:39 of 3rd period - Shot Misses the Net.
18:39 of 3rd period - Puck is out of play.
18:40 of 3rd period - Jamie Benn wins face-off versus Claude Giroux in Capitals zone.
18:49 of 3rd period - Brady Skjei is hit by Jared Spurgeon and loses puck.
Goals for this period are 0 for Nordiques vs 0 for Capitals.
Shots for this period are 10 for Nordiques vs 16 for Capitals.

Overtime #1


0:01 of 1st overtime period - Claude Giroux wins face-off versus Ryan O'Reilly in neutral zone.
0:12 of 1st overtime period - Wrist shot by Claude Giroux.
0:12 of 1st overtime period - Goal by Claude Giroux - Nordiques : 1 - Capitals : 2.
Goals for this period are 0 for Nordiques vs 1 for Capitals.
Shots for this period are 0 for Nordiques vs 1 for Capitals.